 Dungeon Crawl Stone Soup version 0.30.0-13-g156ef70053 (webtiles) character file.

Game seed: 12099711201279524976

832 dialectric the Cudgeller (level 7, -1/66 HPs)
             Began as a Gargoyle Chaos Knight on May 18, 2023.
             Was a Plaything of Xom.
             Slain by a black bear (7 damage)
             ... on level 8 of the Dungeon.
             The game lasted 00:06:11 (3389 turns).

dialectric the Cudgeller (Gargoyle Chaos Knight)    Turns: 3389, Time: 00:06:12

Health: -1/66      AC: 23    Str: 18    XL:     7   Next: 98%
Magic:  7/7        EV:  2    Int: 12    God:    Xom [*.....]
Gold:   285        SH:  0    Dex:  9    Spells: 6/6 levels left

rFire   . . .        a - +1 mace (chaos)
rCold   . . .        (no shield)
rNeg    + . .        b - melded +2 leather armour
rPois   ∞            p - melded +0 helmet
rElec   .            (cloak currently unavailable)
rCorr   .            h - melded +0 pair of gloves
SInv    .            (boots currently unavailable)
Will    .....        (no amulet)
Stlth   +            (no ring)
HPRegen 0.31/turn    (no ring)
MPRegen 0.10/turn

%: no passive effects
@: tree-form, weak-willed, hasted, very quick
A: stationary, stasis, torment immunity, boosted hp, sickness immunity, AC +4,
negative energy resistance 1, (electricity resistance), torment resistance 1,
petrification resistance
a: Renounce Religion


You were on level 8 of the Dungeon.
You worshipped Xom.
You were a special plaything of Xom.
You were a tree.
You visited 1 branch of the dungeon, and saw 6 of its levels.

You collected 285 gold pieces.

Inventory:

Hand Weapons
 a - a +1 mace of chaos (weapon)
Missiles
 k - 3 poisoned darts
Armour
 b - a +2 leather armour (melded)
 h - a +0 pair of gloves (melded)
 l - a +0 plate armour
 p - a +0 helmet (melded)
Jewellery
 v - a ring of protection from cold
 x - a +6 ring of intelligence
Wands
 s - a wand of flame (14)
Scrolls
 d - 4 scrolls of identify
 f - a scroll of teleportation
 m - a scroll of blinking
Potions
 i - a potion of might
 n - a potion of brilliance {unknown}
 q - a potion of flight {unknown}
 r - a potion of lignification
 u - 2 potions of cancellation {unknown}
Miscellaneous
 c - a piece from Xom's chessboard (13/15) (quivered)


   Skills:
 + Level 4.9 Fighting
 + Level 6.2 Maces & Flails
 + Level 3.5 Armour
 * Level 4.2 Dodging


You had 6 spell levels left.
You didn't know any spells.
Your spell library contained the following spells:

 Spells                   Type           Power      Damage    Failure   Level
 Blink                    Tloc           0%         N/A       45%         2
 Manifold Assault         Tloc           0%         N/A       97%         4
 Storm Form               Tmut/Air       0%         N/A       100%        7


Dungeon Overview and Level Annotations

Branches:
Dungeon (8/15)             Temple (0/1) D:4
   Lair: D:8-11

Altars:
Gozag
Ru
Sif Muna

Annotations:
D:7 Maggie


Innate Abilities, Weirdness & Mutations

You are a tree.
Your roots penetrate the ground, keeping you stationary.
You cannot be teleported.
You are immune to unholy pain and torment.
Your maximum health is greatly increased.
Your equipment is partially melded.
You are immune to sickness and miasma.
((Your stone body is resilient. (AC +4)))
You are immune to poison.
You resist negative energy. (rN+)
((You are resistant to electric shocks. (rElec)))
You are resistant to unholy torment.
You are immune to petrification.


Message History

The black bear claws you but does no damage.
Hit: a) +1 mace (chaos)
Press: ? - help, Dir - move target, f - killer bee
Aim: a killer bee (purple smoke, almost dead, petrifying slowly, weak-willed, about 2% to evade your +1 mace of chaos)
Okay, then.
You make a move on Xom's chessboard...
The orc struggles to resist.
The killer bee stings you but does no damage. x2
The black bear bites you but does no damage.
The black bear claws you but does no damage. x2
Unknown command.
Unknown command.
Unknown command.
Unknown command.
You hit the killer bee.
You feel better.
You kill the killer bee!
The killer bee barely misses you.
The killer bee stings you but does no damage.
The black bear bites you but does no damage.
The black bear claws you but does no damage. x2
Your piece from Xom's chessboard (13/15) has regained one charge.
Unknown command.
You barely miss the black bear.
The black bear is almost dead.
The killer bee stings you but does no damage.
The black bear bites you but does no damage.
The black bear claws you but does no damage. x2
Unknown command.
Unknown command.
You hit the black bear but do no damage.
The black bear is almost dead.
The killer bee stings you but does no damage.
The orc hits you but does no damage.
Unknown command.
Unknown command.
You hit the black bear.
The black bear is moving more slowly.
The black bear is almost dead.
The killer bee stings you but does no damage.
The black bear bites you!
You die...
Xom guffaws!

♣.♣.♣.....#
..........###
y....y..../.##
.............#
♣.♣....y.....#
......$yy...#
.......o....#
#>##......o.#######
#.....o..#.#♣oo#
#.....#.....#hyo#
#.....##.†o.oo§§#
#....##....oy#§.#
#...#.....o.o.....#
.................##
..###............#
##.........###
##..##.####


You could see a black bear (berserk, agile, petrifying, weak-willed), a killer
bee (weak-willed), an orc priest and 4 orcs.

Vanquished Creatures
  Sigmund (D:4)
  A phantom (D:4)
  A bullfrog (D:8)
  2 killer bees (D:8)
  2 howler monkeys (D:8)
  2 hounds (D:4)
  Terence (D:3)
  2 orc wizards
  4 gnolls (D:2)
  6 adders
  An ufetubus (D:4)
  A worm (D:3)
  3 dart slugs
  7 orcs
  6 endoplasms
  9 goblins
  6 hobgoblins
  14 kobolds
  2 quokkas
  7 ball pythons
  6 bats
  7 frilled lizards
  8 rats
99 creatures vanquished.

Vanquished Creatures (others)
  A bullfrog (D:8)
  An endoplasm (D:2)
2 creatures vanquished.

Grand Total: 101 creatures vanquished

Notes
Turn   | Place    | Note
-------+----------+-------------------------------------------
     0 | D:1      | dialectric the Gargoyle Chaos Knight began the quest for
                  | the Orb.
     0 | D:1      | Reached XP level 1. HP: 14/14 MP: 1/1
    83 | D:1      | XOM: butterfly on damage
   143 | D:1      | Reached XP level 2. HP: 18/19 MP: 2/2
   181 | D:1      | XOM: silly message
   450 | D:1      | Reached XP level 3. HP: 18/23 MP: 3/3
   552 | D:1      | Reached skill level 1 in Dodging
   725 | D:1      | XOM: silly message
   990 | D:2      | XOM: potion effect (curing)
  1002 | D:2      | Reached skill level 4 in Maces & Flails
  1053 | D:2      | XOM: silly message
  1110 | D:2      | XOM: noise
  1126 | D:2      | Reached XP level 4. HP: 26/28 MP: 4/4
  1319 | D:2      | Reached XP level 5. HP: 33/33 MP: 5/5
  1656 | D:2      | XOM: silly message
  1665 | D:2      | XOM: divination: magic mapping
  1870 | D:3      | Noticed Terence
  1888 | D:3      | Killed Terence
  1889 | D:3      | Reached skill level 5 in Maces & Flails
  1889 | D:3      | Reached XP level 6. HP: 14/38 MP: 6/6
  2115 | D:3      | Found a sacrificial altar of Ru.
  2337 | D:3      | XOM: silly message
  2420 | D:3      | Found a shimmering blue altar of Sif Muna.
  2555 | D:4      | Found a staircase to the Ecumenical Temple.
  2617 | D:4      | XOM: 2-stop teleportation journey
  2624 | D:4      | Noticed Sigmund
  2644 | D:4      | Killed Sigmund
  2659 | D:4      | XOM: silly message
  2700 | D:4      | XOM: divination: magic mapping
  2702 | D:4      | Reached XP level 7. HP: 43/43 MP: 7/7
  2746 | D:4      | XOM: cloud trail
  2784 | D:4      | Found an opulent altar of Gozag.
  2923 | D:4      | XOM: noise
  2956 | D:4      | XOM: silly message
  3303 | D:4      | XOM: summons 4 hostile shadow creatures
  3312 | D:4      | You fall into a shaft and drop 3 floors!
  3323 | D:7      | Noticed Maggie
  3332 | D:8      | XOM: cleaving
  3335 | D:8      | XOM: silly message
  3343 | D:8      | Reached skill level 6 in Maces & Flails
  3347 | D:8      | Noticed a steam dragon
  3359 | D:8      | XOM: noise
  3383 | D:8      | HP: 1/66 [killer bee (7)]
  3389 | D:8      | Slain by a black bear

Illustrated notes

Levels and vault maps discovered:
D:1:      reono_arrival_forest_river, layout_basic
D:2:      layout_loops_ring, lexackson_kobold_supper
D:3:      layout_rooms, nicolae_ru_awakened_eye, lemuel_coloured_pillars_altar,
          uniq_terence
D:4:      layout_basic, mainiacjoe_overflow_alcove_2,
          minmay_temple_entry_poolview, grunt_decor_junction, uniq_sigmund
D:7:      layout_basic, serial_shops, shop, nicolae_fountain_basement,
          uniq_maggie
D:8:      layout_cave_pools, serial_park, serial_park_avenue1,
          serial_park_tiny_2, serial_park_tiny_1, serial_park_tiny_2,
          uniq_amaemon

Skill      XL: |  1  2  3  4  5  6  7 |
---------------+----------------------+-----
Dodging        | 1 2 3 4 |  4.2
Maces & Flails | 4 5 6 |  6.2
Armour         | 3 |  3.5
Fighting       | 4 |  4.9

Action                     |  1- 3 |  4- 6 |  7- 9 || total
---------------------------+-------+-------+-------++-------
  Melee: Mace              |   127 |   197 |    91 ||   415
         Punch             |     2 |       |       ||     2
  Evoke: Piece from Xom's  |       |     1 |     4 ||     5
    Use: Scroll            |       |     1 |     7 ||     8
         Potion            |       |       |     8 ||     8
   Stab: Paralysed         |       |       |     3 ||     3
         Petrifying        |       |       |     1 ||     1
 Armour: Leather armour    |    92 |    97 |    52 ||   241
         Skin              |       |       |   137 ||   137
  Dodge: Dodged            |   121 |   126 |    84 ||   331
